 Dungeon Crawl Stone Soup version 0.28.0-53-g5a82cb258f (webtiles) character file.

Game seed: 2538097743704560551

126 H0rd4k the Charlatan (level 5, -4/38 HPs)
             Began as a Human Artificer on July 7, 2022.
             Killed by divine providence
             ... invoked by an orc priest
              (10 damage)
             ... on level 4 of the Dungeon.
             The game lasted 00:03:07 (3529 turns).

H0rd4k the Charlatan (Human Artificer)              Turns: 3529, Time: 00:03:08

Health: -4/38      AC:  7    Str: 13    XL:     5   Next: 31%
Magic:  5/5        EV:  9    Int: 18    God:
Gold:   118        SH:  0    Dex: 18    Spells: 4/4 levels left

rFire   x . .      SeeInvis .   o - +1 falchion (holy)
rCold   . . .      Faith    .   (no shield)
rNeg    . . .      Spirit   .   l - +0 scale mail "Duluiwo" {rF- Int+5 Dex+5}
rPois   .          Reflect  .   (no helmet)
rElec   .          Harm     .   f - +0 cloak
rCorr   .          Rampage  .   (no gloves)
Will    .....                   (no boots)
Stlth   +.........              (no amulet)
HPRegen 0.12/turn               (no ring)
MPRegen 0.09/turn               (no ring)

@: invisible
A: no striking features
a: no special abilities


You were on level 4 of the Dungeon.
You visited 1 branch of the dungeon, and saw 4 of its levels.

You collected 118 gold pieces.

Inventory:

Hand Weapons
 a - a +1 short sword of speed
 k - a +0 mace
 o - a +1 falchion of holy wrath (weapon)
Armour
 b - a +0 leather armour
 f - a +0 cloak (worn)
 l - the +0 scale mail "Duluiwo" (worn) {rF- Int+5 Dex+5}
   (You found it on level 2 of the Dungeon)

   Int:       It affects your intelligence (+5).
   Dex:       It affects your dexterity (+5).
   rF:        It makes you vulnerable to fire.
Wands
 c - a wand of flame (6) (quivered)
 d - a wand of charming (12)
Scrolls
 g - 5 scrolls of identify {unknown}
 i - a scroll of enchant armour {unknown}
 j - 3 scrolls of vulnerability {unknown}
 m - 2 scrolls of fear {unknown}
 n - a scroll of immolation {unknown}
Potions
 h - a potion of invisibility
Miscellaneous
 e - a piece from Xom's chessboard (15/15)


   Skills:
 + Level 1.9 Fighting
 + Level 2.7 Maces & Flails
 - Level 2.0 Armour
 + Level 1.8 Dodging
 - Level 1.0 Stealth
 + Level 4.0 Evocations


You had 4 spell levels left.
You didn't know any spells.
Your spell library contained the following spells:

 Spells                   Type           Power      Damage    Failure   Level
 Summon Guardian Golem    Hex/Summ       0%         N/A       97%         3
 Conjure Ball Lightning   Conj/Air       0%         3x3d6     100%        6
 Orb of Destruction       Conj           0%         9d5       100%        7
 Spellforged Servitor     Conj/Summ      0%         N/A       100%        7
 Discord                  Hex            0%         N/A       100%        8
 Disjunction              Tloc           0%         N/A       100%        8


Dungeon Overview and Level Annotations

Branches:
Dungeon (4/15)
 Temple: D:4-7

Altars:

Shops:
D:1 !

Annotations:
D:2 exclusion: downstairs
D:4 exclusion: upstairs


Message History

You are too confused!
Okay, then.
Unknown command.
Unknown command.
You are too confused!
Okay, then.
Unknown command.
Unknown command.
Unknown command.
You bump into the rock wall.
The orc priest invokes the aid of Beogh against you.
Something writhes in agony.
Something hits you but does no damage.
A magic dart appears from out of thin air!
The magic dart hits you!
* * * LOW HITPOINT WARNING * * *
It was a potion of invisibility.
You fade into invisibility!
You bump into the rock wall.
Something hits you but does no damage.
You are too confused!
Okay, then.
You bump into the rock wall.
You feel less confused.
You hear some strange, mumbled words.
Something tries to affect you, but you resist.
Aiming: Charm
Press: ? - help, Shift-Dir - straight line, f - orc priest
Aim: an orc priest, wielding a +0 dagger (heavily wounded, chance to affect: 59%)
You detect the charmed orc wizard.
Reactivating autopickup.
The orc priest closely misses your orc wizard.
What are your orders? t - Shout!
Orders for allies: a - Attack new target. p - Attack previous target. r - Retreat! s - Stop attacking. g - Guard the area. f - Follow me.
Anything else - Cancel.
Guard this area!
The orc priest mumbles some strange prayers to Beogh against you.
Beogh smites you!
You die...

#.# #.# .######
#.# o...... #.#
#.o....
#.#######
##.....
#.......#
#......
#.#####.#
.>....=######.#
#.# #...ooo@...#
#.#######
############
#.......>
#.#......
#.#.#####
#.#.#....
#.#......
########.###.###
######........#
#.# #
#......######.#
#.# #


You could see an orc priest (ally target), an orc and a friendly orc wizard
(charmed).

Vanquished Creatures
  An orc wizard (D:3)
  An adder (D:3)
  3 worms
  A dart slug (D:1)
  7 orcs
  5 endoplasms
  3 giant cockroaches
  6 goblins
  3 hobgoblins
  4 kobolds
  A quokka (D:3)
  5 ball pythons
  5 bats
  5 rats
50 creatures vanquished.

Vanquished Creatures (collateral kills)
  An orc priest (D:3)
  2 orcs (D:3)
3 creatures vanquished.

Vanquished Creatures (others)
  A giant cockroach (D:3)
1 creature vanquished.

Grand Total: 54 creatures vanquished

Notes
Turn   | Place    | Note
-------+----------+-------------------------------------------
     0 | D:1      | H0rd4k the Human Artificer began the quest for the Orb.
     0 | D:1      | Reached XP level 1. HP: 15/15 MP: 1/1
   519 | D:1      | Found Uqeiga's Distillery.
   592 | D:1      | Reached XP level 2. HP: 21/21 MP: 2/2
  1377 | D:2      | Reached XP level 3. HP: 26/26 MP: 3/3
  2160 | D:2      | Identified the +0 scale mail "Duluiwo" {rF- Int+5 Dex+5}
  2399 | D:3      | Noticed a phantom
  2400 | D:3      | Reached skill level 1 in Maces & Flails
  2657 | D:3      | Reached XP level 4. HP: 28/32 MP: 4/4
  3082 | D:3      | Found a faded altar of an unknown god.
  3135 | D:3      | Reached skill level 4 in Evocations
  3135 | D:3      | Reached XP level 5. HP: 38/38 MP: 5/5
  3529 | D:4      | Killed from afar by an orc priest

Illustrated notes

Levels and vault maps discovered:
D:1:      wheals_arrival_shading, layout_rooms, serial_shops,
          nicolae_shop_statue_plus, nrook_loot_triangle
D:2:      layout_loops_ring, minmay_unequal
D:3:      wad_river_or_something, layout_basic,
          chequers_ecumenical_altar_simple_redux, minmay_diced_spiral
D:4:      layout_loops_ring, minmay_misc_feat_four_crosses,
          nicolae_underground_beach

Skill      XL: |  1  2  3  4 |
---------------+-------------+-----
Maces & Flails | 1 2 |  2.7
Evocations     | 4 |  4.0
Fighting       | |  1.9
Armour         | |  2.0
Dodging        | |  1.8
Stealth        | |  1.0

Action                   |  1- 3 |  4- 6 || total
-------------------------+-------+-------++-------
Melee: Club              |    75 |       ||    75
       Mace              |    59 |    23 ||    82
       Falchion          |       |    28 ||    28
       Punch             |       |     1 ||     1
Evoke: Wand              |     5 |     7 ||    12
  Use: Potion            |       |     1 ||     1
 Stab: Sleeping          |     2 |       ||     2
Armor: Leather armour    |    45 |       ||    45
       Scale mail        |    13 |    20 ||    33
Dodge: Dodged            |    91 |    16 ||   107
